 Dungeon Crawl Stone Soup version 0.18.1-8-gdd0e5ea (webtiles) character file.

1890 M4edhros the Covert (level 9, -2/57 HPs)
             Began as an Octopode Artificer on June 8, 2016.
             Was a Follower of Fedhas.
             Slain by an ogre
             ... wielding a +0 giant club
              (28 damage)
             ... on level 7 of the Dungeon.
             The game lasted 00:09:21 (6094 turns).

M4edhros the Covert (Octopode Artificer)            Turns: 6094, Time: 00:09:22

Health: -2/57      AC:  5    Str: 11    XL:     9   Next: 15%
Magic:  12/12      EV: 17    Int: 14    God:    Fedhas [*.....]
Gold:   414        SH:  0    Dex: 15    Spells: 2 memorised, 2 levels left

rFire  . . .     SeeInvis .     F - +2 scimitar
rCold  . . .     Gourm    .     (no shield)
rNeg   . . .     Faith    .     (helmet restricted)
rPois  .         Spirit   .     (no amulet)
rElec  .         Dismiss  .     w - ring of protection from magic
rCorr  +         Reflect  .     p - ring of protection from magic
SustAt .         Harm     .     z - +3 ring of evasion
MR     ++...                    E - ring of resist corrosion
Stlth  +++++++...               I - +4 ring of protection
                                (no ring)
                                (no ring)
                                (no ring)

@: very resistant to hostile enchantments, extremely stealthy
A: almost no armour, amphibious, 8 rings, constrict 8, camouflage 1, gelatinous
body 1
a: Evolution, Renounce Religion


You were on level 7 of the Dungeon.
You worshipped Fedhas.
Fedhas was aware of your devotion.
You were very hungry.

You visited 2 branches of the dungeon, and saw 8 of its levels.

You collected 414 gold pieces.

Inventory:

Hand Weapons
 a - a +0 short sword
 h - a +1 mace of protection
 l - a +1 halberd
 x - a +2 whip of venom
 F - a +2 scimitar (weapon)
Jewellery
 p - a ring of protection from magic (right tentacle)
 r - an uncursed amulet of dismissal
 w - a ring of protection from magic (left tentacle)
 z - a +3 ring of evasion (on tentacle)
 E - a ring of resist corrosion (on tentacle)
 I - a +4 ring of protection (on tentacle)
Wands
 b - a wand of flame (0/48)
 c - a wand of enslavement (10/24)
 d - a wand of random effects (11/48)
 t - a wand of random effects (23/48)
 D - a wand of lightning (7/15)
Scrolls
 e - 4 scrolls of magic mapping
 g - 4 scrolls of recharging
 i - 2 scrolls of noise {unknown}
 m - 4 scrolls of remove curse
 n - 2 scrolls of teleportation
 o - a scroll of random uselessness {unknown}
 q - 2 scrolls of amnesia
 v - a scroll of enchant armour
 y - a scroll of vulnerability
Potions
 j - a potion of curing
 s - a potion of resistance
 u - 2 potions of haste
 A - a potion of cancellation
 G - a potion of berserk rage
Books
 k - a book of Battle

   Spells                             Type                      Level
   a - Infusion                       Charms                       1
   b - Shroud of Golubria             Charms/Translocation         2
   c - Song of Slaying                Charms                       2
   d - Spectral Weapon                Hexes/Charms                 3
   e - Regeneration                   Charms/Necromancy            3
Comestibles
 f - 6 bread rations
 B - a meat ration
 C - a slice of pizza
 H - 2 fruits


   Skills:
 + Level 3.5 Fighting
 - Level 1.0 Short Blades
 + Level 4.2 Dodging
 + Level 12.5 Stealth
 + Level 0.6 Charms
 + Level 0.2 Necromancy
 * Level 5.0 Invocations
 - Level 3.2 Evocations


You had 2 spell levels left.
You knew the following spells:

 Your Spells              Type           Power        Failure   Level  Hunger
a - Regeneration          Chrm/Necr      #.........   83%         3    ####...
b - Spectral Weapon       Hex/Chrm       #.......     83%         3    ####...


Dungeon Overview and Level Annotations

Branches:
Dungeon (7/15)             Temple (1/1) D:5

Altars:
Cheibriados
Dithmenos
Elyvilon
Fedhas
Gozag
Kikubaaqudgha
Makhleb
Nemelex Xobeh
Okawaru
Qazlal
Sif Muna
Trog
Vehumet
Xom
Yredelemnul
Zin
The Shining One

Annotations:
D:7 Joseph


Innate Abilities, Weirdness & Mutations

You cannot wear most types of armour.
You are amphibious.
You can wear up to eight rings at the same time.
You can use your tentacles to constrict eight enemies at once.
Your skin changes colour to match your surroundings (Stealth).
Your rubbery body absorbs attacks (AC +1).


Message History

Found a dwarf skeleton.
An ogre comes into view. It is wielding a giant club.
Found 2 throwing nets, 3 bread rations and 6 beef jerkies.
Autopickup is now on.
You see here 2 throwing nets.
The helpless ogre fails to defend itself.
You hit the ogre. You squeeze the ogre.
The ogre is moderately wounded.
The ogre misses you. The ogre hits you with a giant club!!
You slash the ogre!
The ogre is almost dead.
The ogre misses you.
You hit the ogre. Your squeeze misses the ogre.
The ogre is almost dead.
The ogre hits you with a giant club!
You barely miss the ogre. You squeeze the ogre.
The ogre is almost dead.
The ogre hits you with a giant club!!
You die...
Fedhas appreciates your contribution to the ecosystem.

####..####..# ###
#.>.....##..# ###..
.........#.# ##....
...........#
###..(..
...###f##f#
###.......
#f###.###.........
##.##..............
#.###.........[....
#.@%##...........##
#÷§O###.........###
#÷%%# ##.......## #
##### ##.....## #
#......# #......##
##<.....# #
##.....###
#.....#..


You could see an ogre.

Vanquished Creatures
  Prince Ribbit (D:6)
  Grinder (D:4)
  Eustachio (D:4)
  A black bear (D:7)
  2 ogres
  A centaur (D:5)
  A wyvern skeleton (D:6)
  2 scorpions
  A crimson imp (D:5)
  2 jellies
  2 orc priests (D:6)
  4 giant frog skeletons
  An iguana (D:4)
  2 orc wizards
  4 worker ants
  6 adders
  A shadow imp (D:5)
  An ooze (D:3)
  2 adder skeletons
  An adder zombie (D:5)
  3 dart slugs
  3 giant geckos
  13 orcs
  6 giant cockroaches
  5 goblins
  8 hobgoblins
  4 jackals
  5 kobolds
  A quokka (D:4)
  6 bats
  5 giant newts
  A jackal skeleton (D:5)
  5 rats
102 creatures vanquished.

Vanquished Creatures (collateral kills)
  The ghost of M4edhros the Covert, an amateur OpAr (D:5)
  An orc warrior (D:6)
  An ice beast (D:5)
  A hound (D:6)
  3 orc priests (D:6)
  A worker ant (D:5)
  An adder (D:5)
  2 gnolls (D:5)
  3 orcs
14 creatures vanquished.

Vanquished Creatures (others)
  5 wights (D:6)
  2 crimson imps (D:6)
  A worker ant (D:6)
  A gnoll (D:5)
  3 orcs (D:6)
  44 toadstools
56 creatures vanquished.

Grand Total: 172 creatures vanquished

Notes
Turn   | Place    | Note
--------------------------------------------------------------
     0 | D:1      | M4edhros the Octopode Artificer began the quest for the Orb.
     0 | D:1      | Reached XP level 1. HP: 13/13 MP: 3/3
    10 | D:1      | Reached skill level 2 in Stealth
   149 | D:1      | Reached skill level 3 in Stealth
   149 | D:1      | Reached XP level 2. HP: 15/18 MP: 4/4
   614 | D:2      | Reached skill level 4 in Stealth
   618 | D:2      | Reached XP level 3. HP: 23/23 MP: 5/5
   939 | D:4      | Reached skill level 5 in Stealth
   972 | D:4      | Reached XP level 4. HP: 23/28 MP: 6/6
  1048 | D:4      | Noticed an ogre
  1053 | D:4      | Killed an ogre
  1053 | D:4      | Reached skill level 7 in Stealth
  1053 | D:4      | Reached XP level 5. HP: 33/33 MP: 7/7
  1101 | D:4      | Noticed Eustachio
  1110 | D:4      | Killed Eustachio
  1110 | D:4      | Reached skill level 8 in Stealth
  1110 | D:4      | Reached XP level 6. HP: 38/38 MP: 8/8
  1158 | D:4      | Reached skill level 9 in Stealth
  1184 | D:4      | Noticed Grinder
  1650 | D:4      | Paralysed by Grinder for 4 turns
  1657 | D:4      | Killed Grinder
  1657 | D:4      | Reached skill level 10 in Stealth
  1657 | D:4      | Reached XP level 7. HP: 24/43 MP: 9/9
  1973 | D:5      | Entered Level 5 of the Dungeon
  1978 | D:5      | Noticed M4edhros's ghost (amateur OpAr)
  2018 | D:5      | Reached skill level 11 in Stealth
  2101 | D:5      | Found a staircase to the Ecumenical Temple.
  2113 | Temple   | Entered the Ecumenical Temple
  2201 | Temple   | Became a worshipper of Xom of Chaos
  2217 | Temple   | Fell from the grace of Xom
  2217 | Temple   | Became a worshipper of Fedhas Madash
  2751 | D:2      | XOM: torment (23/43 hp)
  3600 | D:5      | Reached * piety under Fedhas
  3651 | D:5      | Reached skill level 1 in Invocations
  3651 | D:5      | Reached XP level 8. HP: 29/48 MP: 10/10
  3884 | D:5      | XOM: noise
  3960 | D:5      | Killed M4edhros's ghost
  3962 | D:5      | Reached skill level 12 in Stealth
  4125 | D:5      | XOM: torment (26/51 hp)
  4261 | D:5      | XOM: scenery: create altars
  4284 | D:5      | Found a deep blue altar of Sif Muna.
  4513 | D:5      | XOM: mild Conj miscast
  4542 | D:6      | Noticed Prince Ribbit
  4705 | D:6      | XOM: polymorph wandering mushroom -> shambling mangrove
  4800 | D:6      | XOM: summons 3 hostile demons
  4852 | D:6      | XOM: severe Ice miscast
  4906 | D:6      | XOM: polymorph shambling mangrove -> death cob
  5386 | D:6      | XOM: mild Ice miscast
  5542 | D:6      | Killed Prince Ribbit
  5542 | D:6      | Reached XP level 9. HP: 33/57 MP: 12/12
  5720 | D:7      | Found a sparkling altar of Nemelex Xobeh.
  5811 | D:7      | XOM: 4-stop teleportation journey
  5812 | D:7      | Noticed Joseph
  5835 | D:7      | Learned a level 3 spell: Regeneration
  5839 | D:7      | Learned a level 3 spell: Spectral Weapon
  5929 | D:7      | Reached skill level 5 in Invocations
  6042 | D:6      | XOM: summons 4 hostile shadow creatures
  6094 | D:7      | Slain by an ogre

Skill      XL: |  1  2  3  4  5  6  7  8  9 |
---------------+----------------------------+-----
Stealth        | 3 4 5 7 8 10 11 12 | 12.5
Invocations    | 1 4 5 |  5.0
Fighting       | 3 |  3.5
Dodging        | 4 |  4.2
Short Blades   | |  1.0
Charms         | |  0.6
Necromancy     | |  0.2
Evocations     | |  3.2

Action                   |  1- 3 |  4- 6 |  7- 9 || total
-------------------------+-------+-------+-------++-------
Melee: Short sword       |    60 |    21 |   120 ||   201
       Constrict         |    17 |     5 |    32 ||    54
       Tentacles         |    10 |     4 |    26 ||    40
       Mace              |       |       |    25 ||    25
       Whip              |       |       |     1 ||     1
       Scimitar          |       |       |    34 ||    34
Invok: Evolution         |       |       |     4 ||     4
Evoke: Wand              |       |    11 |    13 ||    24
  Use: Potion            |       |       |     4 ||     4
       Scroll            |       |       |    13 ||    13
 Stab: Sleeping          |    11 |     6 |    25 ||    42
       Distracted        |       |       |     3 ||     3
  Eat: Chunk             |       |     1 |     2 ||     3
       Meat ration       |       |       |     2 ||     2
       Royal jelly       |       |       |     1 ||     1
Armor: Skin              |     4 |       |    40 ||    44
Dodge: Dodged            |    31 |    13 |    84 ||   128
